 Dungeon Crawl Stone Soup version 0.24-a0-521-g122614bf49 (webtiles) character file.

Game seed: 16005287433583400622

847 DasRunzen the Skirmisher (level 7, 0/55 HPs)
             Began as a Demonspawn Fighter on July 29, 2019.
             Killed from afar by an electric eel (8 damage)
             ... with a bolt of electricity
             ... on level 6 of the Dungeon.
             The game lasted 00:08:01 (4072 turns).

DasRunzen the Skirmisher (Demonspawn Fighter)       Turns: 4072, Time: 00:08:02

Health: 0/55       AC: 10    Str: 18      XL:     7   Next: 68%
Magic:  16/16      EV:  8    Int:  9      God:
Gold:   277        SH:  9    Dex: 10 (13) Spells: 6/6 levels left

rFire    . . .     SeeInvis .   r - +0 long sword (curse)
rCold    . . .     Gourm    .   c - +0 shield
rNeg     . . .     Faith    .   b - +0 scale mail
rPois    .         Spirit   .   (no helmet)
rElec    .         Reflect  .   (no cloak)
rCorr    .         Harm     .   (no gloves)
MR       .....                  (no boots)
Stlth    +++.......             (no amulet)
HPRegen  0.18/turn              j - +3 ring of protection
MPRegen  0.15/turn              o - ring of magical power

@: no status effects
A: nightstalker 2, sturdy frame 1
a: no special abilities


You were on level 6 of the Dungeon.
You were not hungry.

You visited 1 branch of the dungeon, and saw 6 of its levels.

You collected 277 gold pieces.

Inventory:

Hand Weapons
 a - a +1 war axe
 r - a cursed +0 long sword (weapon)
Armour
 b - a +0 scale mail (worn)
 c - a +0 shield (worn)
Jewellery
 j - a +3 ring of protection (left hand)
 o - a ring of magical power (right hand)
 s - the amulet "Ysungay" {+Inv rPois Regen+ Int+4, unknown}
   (You found it on level 4 of the Dungeon)

   [amulet of regeneration]

   It affects your intelligence (+4).
   It protects you from poison.
   It lets you turn invisible.
   It increases your rate of regeneration.
Scrolls
 q - 2 scrolls of blinking
 t - a scroll of teleportation
Potions
 d - a potion of might
 e - 2 potions of brilliance
 g - 2 potions of heal wounds
 h - a potion of cancellation
 i - a potion of lignification {unknown}
 k - a potion of agility
 l - 2 potions of ambrosia
 m - a potion of berserk rage {unknown}
 n - 2 potions of flight {unknown}
 p - 2 potions of curing {unknown}
Comestibles
 f - 8 rations


   Skills:
 + Level 4.7 Fighting
 + Level 1.9 Long Blades
 + Level 3.8 Axes
 + Level 4.3 Armour
 + Level 3.2 Stealth
 + Level 4.3 Shields


You had 6 spell levels left.
You didn't know any spells.
Your spell library was empty.

Dungeon Overview and Level Annotations

Branches:
Dungeon (7/15)
 Temple: D:4-7

Altars:
Yredelemnul

Shops:
D:4 :   D:7 =

Annotations:
D:4 Dowan, Duvessa


Innate Abilities, Weirdness & Mutations

You are significantly more attuned to the shadows.
Your movements are slightly less encumbered by armour. (ER -2)


Message History

You see here an arrow.
You see here a quokka skeleton.
The electric eel shoots out a bolt of lightning at you!
The bolt of electricity hits the dart slug!
The bolt of electricity hits you! The bolt of electricity hits you.
The dart slug launches a dart at you. The slug dart hits you.
You see here an arrow.
The electric eel shoots out a bolt of lightning at you!
The bolt of electricity hits the dart slug!
The dart slug dies!
The bolt of electricity hits you. The bolt of electricity hits you!
The dart slug launches a dart at you. The slug dart misses you.
You see here a dart slug corpse.
The electric eel shoots out a bolt of lightning at you!
The bolt of electricity hits you!
* * * LOW HITPOINT WARNING * * *
The bolt of electricity hits you!
You die...

.? ≈[#≈≈≈.
≈≈≈≈≈≈≈≈≈≈≈≈≈≈
≈≈≈#≈≈≈≈#≈≈≈≈#
≈≈≈≈≈≈≈≈≈#≈≈.# ###
#≈≈≈≈≈#≈≈≈≈≈# #
#.########
≈≈≈#≈≈w≈≈≈≈# .#
#.#.......
#.≈≈≈†≈;≈†####.#
#.........
.##≈≈.≈≈##@#...#
#.#.######
##..####.÷)###.#.#.#
................#.#.#
###########.#####.#.#
#.# #.#†# #.# #.#.#
#.# #.#.# #.# #.#.#
#.#####.#.#


You could see an electric eel and a dart slug.

Vanquished Creatures
  A sky beast (D:7)
  A centaur (D:6)
  A big kobold (D:7)
  Blork the orc (D:4)
  2 bullfrogs
  A scorpion (D:7)
  A quasit (D:6)
  An orc priest (D:7)
  2 bullfrog skeletons (D:4)
  2 worker ants (D:4)
  Robin (D:3)
  A howler monkey skeleton (D:3)
  5 adders
  2 oozes
  2 worms (D:2)
  6 dart slugs
  3 leopard geckos
  3 orcs
  3 giant cockroaches
  17 goblins
  13 hobgoblins
  14 jackals
  3 quokkas
  6 bats
  2 frilled lizards
  10 kobolds
  7 rats
  A spectral orc (D:3)
112 creatures vanquished.

Vanquished Creatures (others)
  A dart slug (D:6)
1 creature vanquished.

Grand Total: 113 creatures vanquished

Notes
Turn   | Place    | Note
-------+----------+-------------------------------------------
     0 | D:1      | DasRunzen the Demonspawn Fighter began the quest for the
                  | Orb.
     0 | D:1      | Reached XP level 1. HP: 18/18 MP: 1/1
   129 | D:1      | Gained mutation: You are slightly more attuned to the
                  | shadows. [demonic ancestry]
   129 | D:1      | Reached XP level 2. HP: 24/24 MP: 2/2
   503 | D:1      | Reached XP level 3. HP: 26/29 MP: 3/3
   896 | D:2      | Reached skill level 1 in Stealth
  1022 | D:2      | Reached XP level 4. HP: 32/35 MP: 4/4
  1392 | D:3      | Noticed Robin
  1406 | D:3      | Killed Robin
  1450 | D:3      | Found a basalt altar of Yredelemnul.
  1861 | D:3      | Reached XP level 5. HP: 42/42 MP: 5/5
  2608 | D:4      | Noticed Blork the orc
  2618 | D:4      | Killed Blork the orc
  2648 | D:4      | Got a wavering copper amulet
  2661 | D:4      | Gained mutation: Your movements are slightly less
                  | encumbered by armour. (ER -2) [demonic ancestry]
  2661 | D:4      | Reached XP level 6. HP: 36/48 MP: 6/6
  2809 | D:4      | Found Useruen's Book Boutique.
  3028 | D:4      | Noticed Dowan
  3029 | D:4      | Noticed Duvessa
  3030 | D:4      | You fall into a shaft and drop 3 floors!
  3068 | D:7      | Found Bieriru's Jewellery Shop.
  3372 | D:7      | Reached skill level 1 in Long Blades
  3372 | D:7      | Gained mutation: You are significantly more attuned to the
                  | shadows. [demonic ancestry]
  3372 | D:7      | Reached XP level 7. HP: 8/55 MP: 7/7
  4072 | D:6      | Killed from afar by an electric eel

Levels and vault maps discovered:
D:1:      minmay_arrival_split_and_join, layout_basic
D:2:      layout_loops_ring, grunt_ministairs_12
D:3:      layout_basic, yredelemnul_forgotten_temple_becter,
          serial_co_window_serial, co_window_corner_a, co_window_paths_b,
          co_window_of_opportunity_a, co_window_corner_a,
          co_window_of_opportunity_a, co_window_corner_a, co_window_paths_c,
          co_window_broadway_c, co_window_cross_4, co_window_cross_3,
          co_window_unsneaky_path_e, co_window_paths_d, glass_columns_a,
          glass_columns_a, glass_columns_a, uniq_robin
D:4:      layout_basic, serial_shops, nicolae_shop_trees,
          chequers_serial_rivers_micro_b, uniq_blork_the_orc, uniq_duvessa
D:6:      kennysheep_slugbush, layout_basic, xom_butterflies, kennysheep_path_1,
          hangedman_decor_slide_cut, uniq_sigmund
D:7:      layout_basic, serial_shops, nicolae_shop_behind_doors

Skill      XL: |  1  2  3  4  5  6  7 |
---------------+----------------------+-----
Axes           | 2 3 |  3.8
Shields        | 3 4 |  4.3
Armour         | 3 4 |  4.3
Stealth        | 1 2 3 |  3.2
Fighting       | 4 |  4.7
Long Blades    | 1 |  1.9

Action                   |  1- 3 |  4- 6 |  7- 9 || total
-------------------------+-------+-------+-------++-------
Melee: War axe           |   123 |   123 |       ||   246
       Long sword        |       |    92 |   101 ||   193
  Use: Scroll            |     2 |     9 |       ||    11
 Stab: Sleeping          |     1 |     4 |     3 ||     8
  Eat: Chunk             |       |     8 |     3 ||    11
Armor: Scale mail        |    58 |   128 |   115 ||   301
Dodge: Dodged            |    35 |    92 |    72 ||   199
Block: Shield            |    70 |   140 |    89 ||   299
       Rpst.: Long sword |       |    11 |     9 ||    20

Table legend:
 A = Non-vault XP
 B = Vault XP
 C = Vault XP percentage of total XP
 D = Non-vault monster count
 E = Vault monster count
 F = Vault count percentage of total count
                 A         B        C        D         E       F
            +---------+---------+-------+---------+---------+-------
      Total |    1050 |     160 |  13.2 |      90 |      22 |  19.6
            +---------+---------+-------+---------+---------+-------
        D:1 |      41 |       0 |   0.0 |      20 |       0 |   0.0
        D:2 |      65 |       8 |  11.0 |      22 |       2 |   8.3
        D:3 |      76 |      38 |  33.3 |      20 |      14 |  41.2
        D:4 |     170 |      94 |  35.6 |      11 |       1 |   8.3
        D:6 |     253 |      20 |   7.3 |       4 |       5 |  55.6
        D:7 |     445 |       0 |   0.0 |      13 |       0 |   0.0
            +---------+---------+-------+---------+---------+-------
